 Dungeon Crawl Stone Soup version 0.28.0-43-g3370ac3207 (webtiles) character file.

Game seed: 13001473194674528547

10948 demenzo the Fighter (level 11, -3/128 HPs)
             Began as an Ogre Cinder Acolyte on Mar 7, 2022.
             Was a Follower of Ignis.
             Slain by a six-headed hydra (8 damage)
             ... on level 2 of the Lair of Beasts.
             The game lasted 00:21:56 (13721 turns).

demenzo the Fighter (Ogre Cinder Acolyte)          Turns: 13721, Time: 00:21:57

Health: -3/128     AC:  9    Str: 24    XL:     11   Next: 70%
Magic:  12/12      EV: 10    Int: 18    God:    Ignis [*.....]
Gold:   319        SH:  0    Dex: 14    Spells: 12/12 levels left

rFire   + . .      SeeInvis .   a - +3 dire flail (venom)
rCold   . . .      Faith    .   (shield currently unavailable)
rNeg    . . .      Spirit   .   T - +3 troll leather armour
rPois   +          Reflect  .   (helmet restricted)
rElec   .          Harm     .   u - +0 cloak
rCorr   +          Rampage  .   (gloves unavailable)
Will    +....                   (boots unavailable)
Stlth   ++........              j - amulet of regeneration
HPRegen 1.91/turn               C - ring of Xiarr {rPois rCorr Int+3 Dex+4 Stlth+}
MPRegen 0.13/turn               O - +6 ring of dexterity

@: no status effects
A: large, unfitting armour, tough skin 1
a: Renounce Religion, Fiery Armour, Foxfire Swarm, Rising Flame


You were on level 2 of the Lair of Beasts.
You worshipped Ignis.
Ignis was aware of your devotion.
You visited 2 branches of the dungeon, and saw 13 of its levels.
You also visited: Sewer.

You collected 1360 gold pieces.
You spent 1041 gold pieces at shops.

Inventory:

Hand Weapons
 a - a +3 dire flail of venom (weapon)
 k - a -1 mace of flaming
 l - a +2 short sword of protection
 m - a +0 giant club of draining
 x - a +5 dire flail
 A - a +0 shortbow
Missiles
 e - 329 stones (quivered)
 i - 55 sling bullets
 s - 34 poisoned darts
 y - 8 boomerangs
 B - 105 arrows
 D - 2 curare-tipped darts
 Y - 4 boomerangs of dispersal
Armour
 b - a +0 robe
 u - a +0 cloak (worn)
 T - a +3 troll leather armour (worn)
Jewellery
 d - a ring of see invisible
 j - an amulet of regeneration (around neck)
 o - a ring of resist corrosion
 C - the ring of Xiarr (left hand) {rPois rCorr Int+3 Dex+4 Stlth+}
   (You bought it in a shop on level 3 of the Dungeon)

   [ring of poison resistance]

   Int:       It affects your intelligence (+3).
   Dex:       It affects your dexterity (+4).
   rPois:     It protects you from poison.
   rCorr:     It protects you from acid and corrosion.
   Stlth:     It makes you more stealthy.
 J - a ring of poison resistance
 O - a +6 ring of dexterity (right hand)
 P - an amulet of reflection
Wands
 t - a wand of acid (6)
 I - a wand of digging (2)
 L - a wand of mindburst (18)
 Q - a wand of flame (28)
 R - a wand of iceblast (8)
Scrolls
 p - 3 scrolls of enchant armour
 v - a scroll of immolation
 F - 2 scrolls of magic mapping
 G - 2 scrolls of blinking
 H - 3 scrolls of amnesia
 M - 5 scrolls of identify
 N - 5 scrolls of teleportation
Potions
 c - a potion of magic
 f - 5 potions of attraction
 g - 4 potions of haste
 h - 2 potions of invisibility {unknown}
 n - 6 potions of heal wounds
 q - 3 potions of curing
 r - 3 potions of lignification {unknown}
 w - 4 potions of brilliance
 z - 3 potions of might {unknown}
 E - 3 potions of flight
 S - a potion of mutation {unknown}
 X - a potion of ambrosia {unknown}


   Skills:
 + Level 13.8 Fighting
 * Level 13.4 Maces & Flails
 + Level 3.6 Dodging
 - Level 1.2 Spellcasting
 - Level 2.6 Fire Magic


You had 12 spell levels left.
You didn't know any spells.
Your spell library contained the following spells:

 Spells                   Type           Power      Damage    Failure   Level
 Scorch                   Fire           20%        2d6       12%         2
 Summon Small Mammal      Summ           4%         N/A       22%         1
 Corpse Rot               Necr/Air       2%         N/A       34%         2
 Ensorcelled Hibernation  Hex/Ice        2%         N/A       34%         2
 Passwall                 Tmut/Erth      0%         N/A       34%         2
 Poisonous Vapours        Pois/Air       2%         N/A       34%         2
 Static Discharge         Conj/Air       1%         N/A       34%         2
 Sublimation of Blood     Necr           1%         N/A       34%         2
 Wereblood                Tmut           1%         N/A       34%         2
 Call Canine Familiar     Summ           1%         N/A       56%         3
 Summon Guardian Golem    Hex/Summ       1%         N/A       56%         3
 Swiftness                Air            1%         N/A       56%         3
 Iskenderun's Battlesphe  Conj           1%         2d6       99%         5
 Lightning Bolt           Conj/Air       0%         1d11      99%         5
 Dispersal                Tloc           0%         N/A       100%        6
 Iron Shot                Conj/Erth      0%         9d1       100%        6
 Orb of Destruction       Conj           0%         9d5       100%        7
 Spellforged Servitor     Conj/Summ      0%         N/A       100%        7
 Summon Hydra             Summ           0%         N/A       100%        7
 Disjunction              Tloc           0%         N/A       100%        8
 Maxwell's Capacitive Co  Air            0%         ∞         100%        8


Dungeon Overview and Level Annotations

Branches:
Dungeon (11/15)            Temple (0/1) D:7            Lair (2/6) D:8
  Snake (0/4) Lair:2          Orc (0/2) D:10          Sewer (visited)
  Swamp: Lair:2-4    Shoals: Lair:2-4

Altars:
Dithmenos
Elyvilon
Hepliaklqana
Okawaru
Qazlal
Sif Muna
Uskayaw
Wu Jian
Xom
Yredelemnul
Zin
The Shining One

Shops:
D:2 [   D:3 =   D:7 (

Annotations:
D:4 Eustachio
D:11 Urug


Innate Abilities, Weirdness & Mutations

You are too large for most types of armour.
You have tough skin. (AC +1)


Message History

Unknown command.
Unknown command.
Unknown command.
Unknown command.
Unknown command.
Unknown command.
Unknown command.
Unknown command.
Unknown command.
Unknown command.
Unknown command.
Unknown command.
Unknown command.
Unknown command.
Unknown command.
Unknown command.
Unknown command.
Unknown command.
Unknown command.
Unknown command.
Unknown command.
Unknown command.
Unknown command.
You barely miss the six-headed hydra.
The six-headed hydra is severely wounded.
Unknown command.
You impale the six-headed hydra!!
The six-headed hydra is almost dead.
The six-headed hydra bites you. x3; The six-headed hydra bites you!
* * * LOW HITPOINT WARNING * * *
The six-headed hydra bites you but does no damage. x2
Unknown command.
You hit the six-headed hydra.
The six-headed hydra is almost dead.
The six-headed hydra barely misses you. x2; The six-headed hydra bites you!
* * * LOW HITPOINT WARNING * * *
The six-headed hydra barely misses you. The six-headed hydra bites you!
* * * LOW HITPOINT WARNING * * *
The six-headed hydra bites you!
You die...

## ## ##......# .# ###
......^.. .#####.##
#........ ...#.8..###
.........
..........######........
..'..<.8...>P##......$..
..#.....##.....P........
..##.8.######...@.......
..####### ###.D..?....
.## ..## ##........ ##
...P. #......## #
......##......#. #
#.......... #
#....P.#........
#P.....#........
####............


You could see a six-headed hydra (poisoned).

Vanquished Creatures
  2 hydras
  Pikel (D:6)
  A black mamba (Lair:1)
  An elephant (D:8)
  3 cane toads
  4 kobold demonologists (D:9)
  3 komodo dragons (Lair:2)
  Grinder (D:5)
  4 yaks
  A vampire (D:10)
  2 basilisks
  Edmund (D:4)
  3 water moccasins
  4 orc warriors
  2 ice beasts
  2 sky beasts
  5 black bears
  4 ogres
  3 necrophages
  3 centaurs
  7 kobold brigands
  4 bullfrogs
  A water moccasin skeleton (D:7)
  7 wights
  A howler monkey (D:10)
  A bullfrog zombie (D:5)
  4 centaur zombies
  2 jellies
  2 orc priests
  A centaur skeleton (D:6)
  3 hounds
  2 bullfrog skeletons
  4 iguanas
  8 orc wizards
  Natasha (thrice) (D:4)
  A hound zombie (D:5)
  A hound skeleton (D:5)
  2 howler monkey zombies
  A howler monkey skeleton (D:6)
  4 adders
  3 river rats (Sewer)
  A white imp (D:7)
  2 worms
  3 dart slugs
  28 orcs
  7 ball pythons
  5 endoplasms
  6 goblins
  7 hobgoblins
  9 jackals
  5 quokkas
  5 bats
  3 frilled lizards
  17 kobolds
  8 rats
218 creatures vanquished.

Vanquished Creatures (collateral kills)
  2 foxfires (Lair:2)
2 creatures vanquished.

Vanquished Creatures (others)
  102 foxfires
  A fungus (Lair:2)
  2 plants (D:8)
105 creatures vanquished.

Grand Total: 325 creatures vanquished

Notes
Turn   | Place    | Note
-------+----------+-------------------------------------------
     0 | D:1      | demenzo the Ogre Cinder Acolyte began the quest for the
                  | Orb.
     0 | D:1      | Reached XP level 1. HP: 24/24 MP: 2/2
    84 | D:1      | Found a faded altar of an unknown god.
   136 | D:1      | Reached XP level 2. HP: 27/32 MP: 3/3
   611 | D:1      | Reached XP level 3. HP: 40/40 MP: 4/4
  1690 | D:2      | Noticed an ogre
  1717 | D:2      | Killed an ogre
  1718 | D:2      | Reached skill level 5 in Fighting
  1718 | D:2      | Reached XP level 4. HP: 39/50 MP: 5/5
  1718 | D:2      | Reached XP level 5. HP: 45/57 MP: 6/6
  2164 | D:2      | Found Fux Hest's Antique Armour Shoppe.
  2524 | D:3      | Found Dozxuet's Jewellery Shoppe.
  2584 | D:3      | Found an iron altar of Okawaru.
  3240 | D:4      | Reached skill level 5 in Maces & Flails
  3254 | D:4      | Noticed an ogre
  3256 | D:4      | Noticed a necrophage
  3257 | D:4      | Killed an ogre
  3258 | D:4      | Reached XP level 6. HP: 67/67 MP: 7/7
  3345 | D:4      | Noticed Natasha
  3348 | D:4      | Killed Natasha
  3459 | D:4      | Found a basalt altar of Yredelemnul.
  3497 | D:4      | Noticed Eustachio
  3974 | D:4      | Noticed Natasha
  3980 | D:4      | Killed Natasha
  4194 | D:4      | Reached XP level 7. HP: 61/76 MP: 8/8
  4272 | D:4      | Noticed Edmund
  4280 | D:4      | Killed Edmund
  4803 | D:4      | Noticed Natasha
  4807 | D:4      | Killed Natasha
  4887 | D:5      | Entered Level 5 of the Dungeon
  4984 | D:5      | Found a shimmering blue altar of Sif Muna.
  5141 | D:5      | Reached XP level 8. HP: 86/88 MP: 9/9
  5924 | D:5      | Noticed Grinder
  5939 | D:5      | Killed Grinder
  6157 | D:5      | Found a white marble altar of Elyvilon.
  6157 | D:5      | Found a hazy altar of Hepliaklqana.
  6334 | D:6      | Noticed Pikel
  6336 | D:6      | Found a glowing drain.
  6345 | Sewer    | Entered a sewer
  6659 | Sewer    | Reached XP level 9. HP: 100/100 MP: 10/10
  6677 | Sewer    | Found a white marble altar of Elyvilon.
  6777 | D:6      | Killed Pikel
  6778 | D:6      | Reached skill level 10 in Fighting
  6802 | D:6      | HP: 4/92 [wight/+5 dire flail (15)]
  6963 | D:6      | You fall into a shaft and drop 3 floors!
  7085 | D:7      | Found a staircase to the Ecumenical Temple.
  7332 | D:6      | Reached skill level 10 in Maces & Flails
  8507 | D:7      | Found an ornate altar of the Wu Jian Council.
  8523 | D:7      | Found a hide-covered altar of Uskayaw.
  8527 | D:7      | Found a stormy altar of Qazlal.
  8684 | D:7      | Reached XP level 10. HP: 106/113 MP: 11/11
  8684 | D:7      | Identified the +8 plate armour of Space {Regen+}
  8971 | D:7      | Found Duninkeff's Weapon Shop.
  9402 | D:8      | Noticed a five-headed hydra
  9591 | D:8      | Killed a five-headed hydra
  9681 | D:8      | Noticed an elephant
  9706 | D:8      | Killed an elephant
  9745 | D:8      | Found a staircase to the Lair.
 10009 | D:9      | Found a glowing golden altar of the Shining One.
 10150 | D:9      | Found a shimmering altar of Xom.
 10152 | D:9      | Found a shimmering blue altar of Sif Muna.
 10152 | D:9      | Found a shadowy altar of Dithmenos.
 10154 | D:9      | Found a glowing silver altar of Zin.
 10154 | D:9      | Found a stormy altar of Qazlal.
 10154 | D:9      | Found a shimmering altar of Xom.
 10246 | D:9      | Noticed a kobold demonologist
 10264 | D:9      | Killed a kobold demonologist
 10268 | D:9      | Noticed a kobold demonologist
 10278 | D:9      | Noticed a kobold demonologist
 10280 | D:9      | Killed a kobold demonologist
 10295 | D:9      | Killed a kobold demonologist
 10587 | D:10     | Entered Level 10 of the Dungeon
 10738 | D:2      | Bought a glowing troll leather armour for 540 gold pieces
 11127 | D:10     | Reached XP level 11. HP: 101/126 MP: 12/12
 11234 | D:10     | Found a staircase to the Orcish Mines.
 11336 | D:10     | Reached skill level 1 in Dodging
 11400 | D:10     | Noticed a six-headed hydra
 11611 | D:10     | Killed a six-headed hydra
 12098 | D:11     | Noticed Urug
 12146 | Lair:1   | Entered Level 1 of the Lair of Beasts
 12421 | Lair:1   | Identified a scroll of acquirement
 12421 | Lair:1   | Acquired 658 gold pieces
 12550 | D:3      | Bought the ring of Xiarr {rPois rCorr Int+3 Dex+4 Stlth+}
                  | for 501 gold pieces
 13688 | Lair:2   | Found a staircase to the Snake Pit.
 13706 | Lair:2   | Noticed a six-headed hydra
 13721 | Lair:2   | HP: 5/128 [six-headed hydra (11)]
 13721 | Lair:2   | Slain by a six-headed hydra

Illustrated notes

Levels and vault maps discovered:
D:1:      minmay_arrival_doors, layout_loops_ring,
          shapermc_ecumenical_altar_totnotflames
D:2:      layout_loops_ring, serial_shops, nicolae_shop_behind_doors
D:3:      layout_loops_ring, mainiacjoe_overflow_alcove_1, serial_shops,
          shop_fountains, chequers_serial_rivers_room_a,
          chequers_serial_rivers_room_a, wad_floor_pattern_2, grunt_ministairs_8
D:4:      layout_loops_ring, mainiacjoe_overflow_tiny_flanked, uniq_edmund,
          uniq_natasha, uniq_eustachio
D:5:      layout_gridville, gammafunk_temple_overflow_elements,
          mainiacjoe_overflow_brackets, uniq_grinder
D:6:      layout_layer_cave, cheibrodos_sewer_entry_sluice, uniq_pikel
D:7:      layout_layer_cave, minmay_overflow_temple_star_quad,
          minmay_temple_entry_waves, serial_shops, nicolae_shop_stone
D:8:      layout_cave_pools, david_lair_generic
D:9:      layout_cave_pools, tso_metal_star, doesnt_xom_only_xom
D:10:     layout_stronghold, orc_0_dummy, chequers_decorated_corner,
          lemuel_flame_loot_1
D:11:     layout_cave_pools, gammafunk_ghost_ooze, serial_shops, shop,
          grunt_ministairs_15, chequers_serial_rivers_room_a,
          minmay_misc_feat_cross, minivault_16, uniq_urug
Lair:1:   layout_regular_city, chequers_serial_rivers_micro_d,
          nicolae_lair_grove_arrangements, minmay_hedge_maze, grunt_megastairs_1
Lair:2:   layout_hall_layers, dummy_snake_entry,
          eino_small_chamber_without_monster, chequers_serial_rivers_small_3,
          grunt_megastairs_2

Skill      XL: |  1  2  3  4  5  6  7  8  9 10 11 |
---------------+----------------------------------+-----
Maces & Flails | 3 4 5 7 8 10 12 13 | 13.4
Fighting       | 5 6 7 9 11 12 13 | 13.8
Dodging        | 3 |  3.6
Spellcasting   | |  1.2
Fire Magic     | |  2.6

Action                   |  1- 3 |  4- 6 |  7- 9 | 10-12 || total
-------------------------+-------+-------+-------+-------++-------
Melee: Mace              |    81 |       |       |       ||    81
       Short sword       |     3 |       |       |       ||     3
       Giant club        |       |   152 |     5 |       ||   157
       Dire flail        |       |       |   235 |   252 ||   487
Invok: Foxfire Swarm     |     1 |     1 |     2 |     2 ||     6
       Fiery Armour      |     1 |     1 |       |       ||     2
  Use: Scroll            |       |     4 |     8 |     8 ||    20
       Potion            |       |       |     1 |       ||     1
 Stab: Distracted        |       |       |       |     1 ||     1
Armor: Robe              |    26 |    62 |    97 |    26 ||   211
       Troll leather arm |       |       |       |    64 ||    64
Dodge: Dodged            |    36 |    94 |   142 |    89 ||   361
